 Dungeon Crawl Stone Soup version 0.27-a0-972-gd1521fd518 (webtiles) character file.

Game seed: 15940103892512412719

191 harryhousin the Magician (level 5, -2/47 HPs)
             Began as a Gnoll Wanderer on Apr 13, 2021.
             Slain by a kobold brigand
             ... wielding a +0 club
              (5 damage)
             ... on level 4 of the Dungeon.
             The game lasted 00:24:03 (3684 turns).

harryhousin the Magician (Gnoll Wanderer)           Turns: 3684, Time: 00:24:03

Health: -2/47      AC:  3    Str: 10    XL:     5   Next: 70%
Magic:  14/14      EV: 12    Int: 14    God:
Gold:   145        SH:  0    Dex: 11    Spells: 16/18 levels left

rFire    . . .     SeeInvis .   k - +4 whip
rCold    . . .     Faith    .   (no shield)
rNeg     . . .     Spirit   .   d - +0 robe
rPois    .         Reflect  .   (no helmet)
rElec    .         Harm     .   (no cloak)
rCorr    .         Rampage  .   c - +0 pair of gloves
Will     .....                  (no boots)
Stlth    ++........             (no amulet)
HPRegen  0.15/turn              (no ring)
MPRegen  0.14/turn              (no ring)

@: very slightly contaminated, slowed, very slow
A: fangs 1, strong nose, distributed training
a: no special abilities


You were on level 4 of the Dungeon.
You visited 1 branch of the dungeon, and saw 4 of its levels.

You collected 145 gold pieces.

Inventory:

Hand Weapons
 k - a +4 whip (weapon)
Armour
 c - a +0 pair of gloves (worn)
 d - a +0 robe (worn)
Wands
 j - a wand of iceblast (7)
Scrolls
 a - a scroll of fear
 e - a scroll of blinking
 g - a scroll of teleportation {unknown}
 h - a scroll of enchant weapon {unknown}
 i - a scroll of torment


   Skills:
 + Level 6.7 Fighting
 + Level 1.6 Short Blades
 + Level 1.6 Long Blades
 + Level 1.6 Axes
 + Level 4.8 Maces & Flails
 + Level 1.6 Polearms
 + Level 1.6 Staves
 + Level 1.6 Slings
 + Level 1.6 Bows
 + Level 1.6 Crossbows
 + Level 1.6 Throwing
 + Level 1.6 Armour
 + Level 1.6 Dodging
 + Level 2.8 Stealth
 + Level 1.6 Shields
 + Level 1.6 Unarmed Combat
 + Level 7.3 Spellcasting
 + Level 1.2 Conjurations
 + Level 1.2 Hexes
 + Level 1.2 Summonings
 + Level 1.2 Necromancy
 + Level 1.2 Translocations
 + Level 1.2 Transmutations
 + Level 1.2 Fire Magic
 + Level 1.2 Ice Magic
 + Level 1.2 Air Magic
 + Level 1.2 Earth Magic
 + Level 1.2 Poison Magic
 + Level 1.8 Invocations
 + Level 3.0 Evocations


You had 16 spell levels left.
You knew the following spells:

 Your Spells              Type           Power      Damage    Failure   Level
a - Sting                 Tmut/Pois      32%        1d4       9%          1
b - Shock                 Conj/Air       32%        1d5       9%          1

Your spell library contained the following spells:

 Spells                   Type           Power      Damage    Failure   Level
 Mephitic Cloud           Conj/Pois/Air  8%         N/A       24%         3
 Stone Arrow              Conj/Erth      16%        3d8       24%         3


Dungeon Overview and Level Annotations

Branches:
Dungeon (4/15)
 Temple: D:4-7

Altars:


Innate Abilities, Weirdness & Mutations

You have very sharp teeth.
Your uncanny sense of smell can sniff out nearby items.
Your experience applies equally to all skills.


Message History

The kobold brigand hits you with a +0 club!
The kobold hits you but does no damage.
You hit the kobold brigand.
The kobold brigand is moderately wounded.
You feel sick.
The kobold brigand hits you with a +0 club.
* * * LOW HITPOINT WARNING * * *
The kobold hits you but does no damage.
You barely miss the kobold brigand.
The kobold brigand is moderately wounded.
You feel sick.
The kobold brigand hits you with a +0 club!
* * * LOW HITPOINT WARNING * * *
The kobold hits you but does no damage.
It was a potion of ambrosia.
You are confused.
You feel invigorated.
You feel sick.
The kobold brigand hits you but does no damage.
The kobold barely misses you.
The kobold brigand hits you with a +0 club.
* * * LOW HITPOINT WARNING * * *
The kobold barely misses you.
You're too confused to cast spells.
You bump into the stone wall.
You hear the slow hiss of a very distant avalanche of sand.
You feel sick.
You are no longer poisoned.
The kobold brigand hits you with a +0 club.
* * * LOW HITPOINT WARNING * * *
The kobold barely misses you.
You bump into the stone wall.
You feel less invigorated.
You feel less confused.
The kobold brigand hits you with a +0 club!
* * * LOW HITPOINT WARNING * * *
The kobold misses you. The kobold brigand barely misses you.
The kobold misses you.
You hit the kobold.
The kobold is severely wounded.
The kobold brigand hits you with a +0 club.
You die...

........ .≈≈≈≈... ≈≈≈≈≈...
≈≈≈≈≈... ≈≈≈≈....
########################'(
..............#.......#...
.(.)..).K.....)(......#...
.....:..K@...)#########...
...########..........#....
. #..........'....
#..........#....
.......#########...
.......+ #... [.......#
#... ######### ####


You could see a kobold brigand and a kobold.

Vanquished Creatures
  A centaur zombie (D:3)
  An iguana (D:3)
  3 adders
  A gnoll (D:4)
  A white imp (D:2)
  2 dart slugs
  7 orcs (D:3)
  2 bats
  6 endoplasms
  7 goblins
  8 hobgoblins
  3 jackals (D:1)
  18 kobolds
  2 quokkas
  6 ball pythons
  6 frilled lizards
  4 rats
78 creatures vanquished.

Notes
Turn   | Place    | Note
-------+----------+-------------------------------------------
     0 | D:1      | harryhousin the Gnoll Wanderer began the quest for the Orb.
     0 | D:1      | harryhousin set off with the following items: a +2 mace, a
                  | +0 robe; and the following spells available to memorise:
                  | Shock, Sting, Mephitic Cloud, Stone Arrow
     0 | D:1      | Reached XP level 1. HP: 23/23 MP: 8/8
    84 | D:1      | Learned a level 1 spell: Sting
    86 | D:1      | Learned a level 1 spell: Shock
   224 | D:1      | Reached XP level 2. HP: 27/29 MP: 0/10
   880 | D:1      | Reached XP level 3. HP: 35/35 MP: 9/11
  1149 | D:1      | Found a faded altar of an unknown god.
  1687 | D:2      | Reached skill level 1 in Invocations
  1945 | D:2      | Reached skill level 1 in Short Blades
  1945 | D:2      | Reached skill level 1 in Long Blades
  1945 | D:2      | Reached skill level 1 in Axes
  1945 | D:2      | Reached skill level 1 in Polearms
  1945 | D:2      | Reached skill level 1 in Staves
  1945 | D:2      | Reached skill level 1 in Slings
  1945 | D:2      | Reached skill level 1 in Bows
  1945 | D:2      | Reached skill level 1 in Crossbows
  1945 | D:2      | Reached skill level 1 in Throwing
  1945 | D:2      | Reached skill level 1 in Armour
  1945 | D:2      | Reached skill level 1 in Dodging
  1945 | D:2      | Reached skill level 1 in Shields
  1945 | D:2      | Reached skill level 1 in Unarmed Combat
  2115 | D:2      | Reached XP level 4. HP: 31/41 MP: 1/13
  2451 | D:3      | Reached skill level 1 in Conjurations
  2451 | D:3      | Reached skill level 1 in Hexes
  2451 | D:3      | Reached skill level 1 in Summonings
  2451 | D:3      | Reached skill level 1 in Necromancy
  2451 | D:3      | Reached skill level 1 in Translocations
  2451 | D:3      | Reached skill level 1 in Transmutations
  2451 | D:3      | Reached skill level 1 in Fire Magic
  2451 | D:3      | Reached skill level 1 in Ice Magic
  2451 | D:3      | Reached skill level 1 in Air Magic
  2451 | D:3      | Reached skill level 1 in Earth Magic
  2451 | D:3      | Reached skill level 1 in Poison Magic
  2615 | D:3      | Reached XP level 5. HP: 41/47 MP: 1/14
  3669 | D:4      | Noticed a kobold brigand
  3680 | D:4      | HP: 1/47 [kobold brigand/+0 club (7)]
  3684 | D:4      | Slain by a kobold brigand

Illustrated notes

Levels and vault maps discovered:
D:1:      psy_arrival_fountain, layout_rooms,
          chequers_ecumenical_altar_simple_redux
D:2:      layout_basic
D:3:      layout_rooms
D:4:      minmay_goblin_kobold_castle, layout_loops_cross,
          chequers_temple_overflow_statue_of_worship,
          nicolae_ossuary_entry_catacombs, serial_shops, nicolae_shop_crystal

Skill      XL: |  1  2  3  4  5 |
---------------+----------------+-----
Invocations    | 1 |  1.8
Short Blades   | 1 |  1.6
Long Blades    | 1 |  1.6
Axes           | 1 |  1.6
Polearms       | 1 |  1.6
Staves         | 1 |  1.6
Slings         | 1 |  1.6
Bows           | 1 |  1.6
Crossbows      | 1 |  1.6
Throwing       | 1 |  1.6
Armour         | 1 |  1.6
Dodging        | 1 |  1.6
Shields        | 1 |  1.6
Unarmed Combat | 1 |  1.6
Conjurations   | 1 |  1.2
Hexes          | 1 |  1.2
Summonings     | 1 |  1.2
Necromancy     | 1 |  1.2
Translocations | 1 |  1.2
Transmutations | 1 |  1.2
Fire Magic     | 1 |  1.2
Ice Magic      | 1 |  1.2
Air Magic      | 1 |  1.2
Earth Magic    | 1 |  1.2
Poison Magic   | 1 |  1.2
Evocations     | 3 |  3.0
Fighting       | |  6.7
Maces & Flails | |  4.8
Stealth        | |  2.8
Spellcasting   | |  7.3

Action                   |  1- 3 |  4- 6 || total
-------------------------+-------+-------++-------
Melee: Mace              |    20 |     5 ||    25
       Whip              |       |    21 ||    21
       Bite              |       |     1 ||     1
 Cast: Sting             |    50 |    43 ||    93
       Shock             |    47 |    57 ||   104
  Use: Scroll            |       |     3 ||     3
       Potion            |       |     1 ||     1
Armor: Robe              |    21 |    18 ||    39
Dodge: Dodged            |    49 |    45 ||    94

Table legend: (Time is in decaauts)
 A = Elapsed time spent in this place.
 B = Non-inter-level travel time spent in this place.
 C = Inter-level travel time spent in this place.
 D = Time resting spent in this place.
 E = Time spent auto-exploring this place.
 F = Levels seen in this place.
 G = Mean time per level.
                   A        B        C        D        E       F      G
               +--------+--------+--------+--------+--------+-----+--------+
         Total |   3691 |   3602 |     89 |   1353 |   1127 |   4 |  922.8 |
       Dungeon |   3691 |   3602 |     89 |   1353 |   1127 |   4 |  922.8 |
               +--------+--------+--------+--------+--------+-----+--------+

Top non-repeatable levels by time:
     D:1: 1516 daAuts
     D:3: 989 daAuts
     D:2: 929 daAuts
     D:4: 255 daAuts
